 Dungeon Crawl Stone Soup version 0.29.0-4-gdea44cf6ec (webtiles) character file.

Game seed: 11554366314583211222

2800 qw the Grappler (level 9, -3/80 (84) HPs)
             Began as a Troll Cinder Acolyte on Aug 30, 2022.
             Was a Priest of Ignis.
             Slain by a wight
             ... wielding a +5 spear of freezing
              (11 damage)
             ... on level 7 of the Dungeon.
             The game lasted 00:02:59 (5345 turns).

qw the Grappler (Troll Cinder Acolyte)              Turns: 5345, Time: 00:02:59

HP:   -3/80 (84)    AC: 12    Str: 28    XL:     9   Next: 44%
MP:   9/9           EV:  9    Int: 10    God:    Ignis [***...]
Gold: 1023          SH:  0    Dex:  5    Spells: 10/10 levels left

rFire   + . .      SeeInvis +     - Unarmed
rCold   . . .      Faith    .   (no shield)
rNeg    . . .      Spirit   .   m - +1 robe {Will+}
rPois   +          Reflect  .   (helmet restricted)
rElec   .          Harm     .   (no cloak)
rCorr   .          Rampage  .   (gloves unavailable)
Will    +....                   (boots unavailable)
Stlth   +.........              (no amulet)
HPRegen 1.03/turn               o - ring of poison resistance
MPRegen 0.11/turn               h - ring of see invisible

@: about to teleport, fiery-armoured, lightly drained
A: large, unfitting armour, claws 3, regeneration 1, shaggy fur 1, tough skin 1
a: Renounce Religion, Fiery Armour, Foxfire Swarm, Rising Flame


You were on level 7 of the Dungeon.
You worshipped Ignis.
Ignis was most pleased with you.
You visited 1 branch of the dungeon, and saw 7 of its levels.

You collected 1023 gold pieces.


Innate Abilities, Weirdness & Mutations

You are too large for most types of armour.
You have claws for hands.
Your natural rate of healing is unusually fast.
You are covered in fur. (AC +1)
You have tough skin. (AC +1)


   Skills:
 + Level 4.1 Fighting
 - Level 3.1 Throwing
 - Level 1.1 Dodging
 - Level 12.0 Unarmed Combat
 - Level 1.0 Spellcasting
 - Level 2.1 Fire Magic


You had 10 spell levels left.
You didn't know any spells.
Your spell library contained the following spells:

 Spells                   Type           Power      Damage    Failure   Level
 Scorch                   Fire           8%         2d5       22%         2

Inventory:

Missiles
 d - 7 boomerangs (quivered)
Armour
 m - a +1 robe of willpower (worn)
Jewellery
 h - a ring of see invisible (right claw)
 o - a ring of poison resistance (left claw)
Scrolls
 f - a scroll of teleportation
 i - a scroll of enchant weapon
 k - 3 scrolls of identify
 l - 3 scrolls of enchant armour
Potions
 c - a potion of cancellation
 e - a potion of haste
 q - a potion of mutation

Dungeon Overview and Level Annotations

Branches:
Dungeon (7/15)
 Temple: D:4-7

Altars:
Fedhas
Uskayaw
Xom

Annotations:
D:5 3 runed translucent doors, qw's ghost, novice TeWr


Message History

You closely miss the wight.
The wight is heavily damaged.
The wight hits you with a +0 war axe.
You scratch the wight.
The wight is severely damaged.
The wight hits you with a +0 war axe!
You feel drained.
You barely miss the wight.
The wight is severely damaged.
The wight closely misses you.
The wight hits you from afar with a +4 trident.
You feel drained.
5339 ||| INVOKING Fiery Armour.
A protective cloak of flame settles atop you.
The wight hits you with a +0 war axe.
You feel drained. The wight hits you but does no damage.
You barely miss the wight.
The wight is severely damaged.
A hound comes into view.
The hound barks!
You claw the wight!
You destroy the wight!
The wight completely misses you.
You scratch the wight but do no damage. The wight barely misses you.
The wight hits you but does no damage. x2
You barely miss the wight.
The wight hits you with a +0 morningstar.
The wight barely misses you.
The wight hits you from afar with a +5 spear of freezing.
The wight freezes you.
You mangle the wight!!
You destroy the wight!
The wight hits you from afar with a +4 trident.
The wight hits you from afar with a +5 spear of freezing!
The wight freezes you.
Your Unarmed Combat skill increases to level 12!
5345 ||| READING 2 scrolls of teleportation.
As you read the scroll of teleportation, it crumbles to dust.
You feel strangely unstable.
The wight hits you from afar with a +5 spear of freezing!
You die...

###..........#
###....#####
###...####
###....#
####.# #.# #.#
#.# #@# #)#
#zz...#
#.h...#
#.....#
#...### #...#
#.... #.#.##


You could see a hound and 2 wights.

Vanquished Creatures
  A two-headed ogre (D:6)
  Duvessa (D:4)
  2 water moccasins
  An ice beast (D:6)
  A sky beast (D:6)
  3 ogres
  A phantom (D:4)
  A bullfrog (D:6)
  3 scorpions
  3 necrophages
  6 wights
  Dowan (D:4)
  2 howler monkeys (D:6)
  A hound (D:5)
  An orc priest (D:3)
  2 jellies (D:6)
  A gnoll bouda (D:6)
  2 iguanas
  4 orc wizards
  9 adders
  3 gnolls (D:6)
  A shadow imp (D:6)
  A white imp (D:6)
  An ufetubus (D:6)
  2 worms
  2 dart slugs
  20 orcs
  6 endoplasms
  3 giant cockroaches
  8 goblins
  7 hobgoblins
  9 jackals
  8 kobolds
  4 quokkas
  9 ball pythons
  2 bats
  2 frilled lizards (D:1)
  9 rats
143 creatures vanquished.

Vanquished Creatures (others)
  2 plants (D:5)
2 creatures vanquished.

Grand Total: 145 creatures vanquished

Notes
Turn   | Place    | Note
-------+----------+-------------------------------------------
     0 | D:1      | qw the Troll Cinder Acolyte began the quest for the Orb.
     0 | D:1      | Reached XP level 1. HP: 22/22 MP: 1/1
     0 | D:1      | 0 ||| qw: Version: 0.1-a-95-gae9e614
     0 | D:1      | 0 ||| qw: Game counter: 4451
     0 | D:1      | 0 ||| qw: Always use a shield: true
     0 | D:1      | 0 ||| qw: God list: Okawaru
     0 | D:1      | 0 ||| qw: Allow faded altars: false
     0 | D:1      | 0 ||| qw: Do Orc after D:15 true
     0 | D:1      | 0 ||| qw: Do second Lair branch before Depths: true
     0 | D:1      | 0 ||| qw: Lair rune preference: random
     0 | D:1      | 0 ||| qw: Plans: Normal
     0 | D:1      | 0 ||| PLANNING D:1-11
    83 | D:1      | 83 ||| Stepping ~*~*~tactically~*~*~ (stealth).
    85 | D:1      | 85 ||| Stepping ~*~*~tactically~*~*~ (stealth).
   108 | D:1      | Reached XP level 2. HP: 25/29 MP: 2/2
   137 | D:1      | Found a faded altar of an unknown god.
   238 | D:1      | 238 ||| Stepping ~*~*~tactically~*~*~ (stealth).
   244 | D:1      | Reached skill level 4 in Unarmed Combat
   327 | D:1      | 327 ||| Stepping ~*~*~tactically~*~*~ (stealth).
   332 | D:1      | 332 ||| Stepping ~*~*~tactically~*~*~ (stealth).
   480 | D:1      | 480 ||| Stepping ~*~*~tactically~*~*~ (outnumbered).
   481 | D:1      | 481 ||| Stepping ~*~*~tactically~*~*~ (outnumbered).
   485 | D:1      | Reached XP level 3. HP: 36/36 MP: 3/3
   665 | D:1      | 665 ||| READING 3 scrolls labelled HITETH CILOCHIASH.
   666 | D:1      | 666 ||| READING scroll labelled WIRAITT MEVUF.
   669 | D:1      | 669 ||| DROPPING 2 scrolls of fear.
   720 | D:2      | 720 ||| STAIRDANCE
   801 | D:2      | 801 ||| Stepping ~*~*~tactically~*~*~ (stealth).
   802 | D:2      | 802 ||| Stepping ~*~*~tactically~*~*~ (stealth).
   803 | D:2      | 803 ||| Stepping ~*~*~tactically~*~*~ (stealth).
   858 | D:2      | Identified the +8 chain mail of Ziobb {Contam Rampage
                  | +Blink Regen+}
  1278 | D:2      | Reached XP level 4. HP: 44/44 MP: 4/4
  1448 | D:2      | 1448 ||| READING scroll labelled UXIAPU VEONAE.
  1449 | D:2      | 1449 ||| READING scroll labelled DIRIATR YHAGO.
  1529 | D:3      | Reached skill level 5 in Unarmed Combat
  1637 | D:3      | 1637 ||| Stepping ~*~*~tactically~*~*~ (outnumbered).
  1638 | D:3      | 1638 ||| Stepping ~*~*~tactically~*~*~ (outnumbered).
  1640 | D:3      | 1640 ||| Stepping ~*~*~tactically~*~*~ (outnumbered).
  1641 | D:3      | 1641 ||| Stepping ~*~*~tactically~*~*~ (outnumbered).
  1900 | D:3      | 1900 ||| Stepping ~*~*~tactically~*~*~ (outnumbered).
  1901 | D:3      | 1901 ||| Stepping ~*~*~tactically~*~*~ (outnumbered).
  1902 | D:3      | 1902 ||| INVOKING Fiery Armour.
  1903 | D:3      | 1903 ||| Stepping ~*~*~tactically~*~*~ (outnumbered).
  1904 | D:3      | 1904 ||| Stepping ~*~*~tactically~*~*~ (outnumbered).
  1905 | D:3      | 1905 ||| Stepping ~*~*~tactically~*~*~ (outnumbered).
  1906 | D:3      | 1906 ||| Stepping ~*~*~tactically~*~*~ (outnumbered).
  1907 | D:3      | 1907 ||| Stepping ~*~*~tactically~*~*~ (outnumbered).
  1908 | D:3      | 1908 ||| Stepping ~*~*~tactically~*~*~ (outnumbered).
  2151 | D:3      | 2151 ||| UPGRADING to ring of poison resistance.
  2152 | D:3      | 2152 ||| READING 4 scrolls labelled CUNAOLI KUWE.
  2153 | D:3      | 2153 ||| READING scroll labelled POUR NICI URIO.
  2254 | D:3      | 2254 ||| READING scroll labelled PIOLADIESO.
  2255 | D:3      | 2255 ||| READING scroll labelled ZONGUI EMUJEA.
  2255 | D:3      | Identified a scroll of acquirement
  2255 | D:3      | 2255 ||| ACQUIRING 555 gold pieces
  2255 | D:3      | Acquired 555 gold pieces
  2257 | D:3      | 2257 ||| DRINKING 2 amethyst potions.
  2258 | D:3      | 2258 ||| READING 3 scrolls of identify.
  2258 | D:3      | 2258 ||| IDENTIFYING silvery potion
  2259 | D:3      | 2259 ||| READING 2 scrolls of identify.
  2259 | D:3      | 2259 ||| IDENTIFYING sapphire potion
  2260 | D:3      | 2260 ||| DROPPING potion of attraction.
  2354 | D:4      | Reached XP level 5. HP: 50/50 MP: 5/5
  2381 | D:4      | Reached skill level 6 in Unarmed Combat
  2412 | D:4      | Noticed Dowan
  2414 | D:4      | 2414 ||| Stepping ~*~*~tactically~*~*~ (hiding).
  2430 | D:4      | Noticed Duvessa
  2431 | D:4      | 2431 ||| INVOKING Fiery Armour.
  2438 | D:4      | Killed Dowan
  2442 | D:4      | Reached XP level 6. HP: 46/59 MP: 6/6
  2447 | D:4      | Killed Duvessa
  2448 | D:4      | Reached skill level 7 in Unarmed Combat
  2545 | D:4      | 2545 ||| INVOKING Fiery Armour.
  2604 | D:4      | Noticed a water moccasin
  2610 | D:4      | Killed a water moccasin
  2611 | D:4      | Reached skill level 8 in Unarmed Combat
  2611 | D:4      | Reached XP level 7. HP: 54/66 MP: 7/7
  2701 | D:4      | Found a hide-covered altar of Uskayaw.
  2789 | D:4      | 2789 ||| Stepping ~*~*~tactically~*~*~ (outnumbered).
  2790 | D:4      | 2790 ||| Stepping ~*~*~tactically~*~*~ (outnumbered).
  2794 | D:4      | Reached skill level 3 in Fighting
  2966 | D:4      | 2966 ||| Stepping ~*~*~tactically~*~*~ (hiding).
  3062 | D:4      | 3062 ||| UPGRADING to ring of see invisible.
  3063 | D:4      | 3063 ||| READING scroll labelled KUQ KOIRREGO.
  3064 | D:4      | 3064 ||| READING 3 scrolls of identify.
  3064 | D:4      | 3064 ||| IDENTIFYING metallic cyan potion
  3065 | D:4      | 3065 ||| READING 2 scrolls of identify.
  3065 | D:4      | 3065 ||| IDENTIFYING clear potion
  3066 | D:4      | 3066 ||| DROPPING potion of berserk rage.
  3105 | D:5      | Entered Level 5 of the Dungeon
  3140 | D:5      | Reached skill level 9 in Unarmed Combat
  3240 | D:5      | 3240 ||| INVOKING Fiery Armour.
  3241 | D:5      | 3241 ||| Stepping ~*~*~tactically~*~*~ (outnumbered).
  3242 | D:5      | 3242 ||| Stepping ~*~*~tactically~*~*~ (outnumbered).
  3245 | D:5      | 3245 ||| Stepping ~*~*~tactically~*~*~ (outnumbered).
  3246 | D:5      | 3246 ||| Stepping ~*~*~tactically~*~*~ (outnumbered).
  3258 | D:5      | Reached skill level 1 in Dodging
  3277 | D:5      | Reached skill level 1 in Throwing
  3294 | D:5      | Reached XP level 8. HP: 51/75 MP: 8/8
  3372 | D:5      | Noticed qw's ghost (novice TeWr)
  3378 | D:5      | 3378 ||| READING scroll labelled QIBULL DOVU.
  3384 | D:5      | Found a runed translucent gate.
  3384 | D:5      | Found a runed translucent gate.
  3392 | D:5      | 3392 ||| Stepping ~*~*~tactically~*~*~ (hiding).
  3399 | D:5      | 3399 ||| Stepping ~*~*~tactically~*~*~ (hiding).
  3529 | D:5      | Found a runed translucent gate.
  3552 | D:5      | Found a shimmering altar of Xom.
  3604 | D:5      | Reached skill level 10 in Unarmed Combat
  3633 | D:5      | 3633 ||| Stepping ~*~*~tactically~*~*~ (stealth).
  3651 | D:5      | Found a blossoming altar of Fedhas.
  3693 | D:5      | 3693 ||| Stepping ~*~*~tactically~*~*~ (stealth).
  3955 | D:5      | 3955 ||| READING scroll labelled GOSYRE CUEGA.
  3956 | D:5      | 3956 ||| DRINKING 2 smoky yellow potions.
  3994 | D:5      | 3994 ||| DROPPING potion of lignification.
  4038 | D:6      | 4038 ||| Stepping ~*~*~tactically~*~*~ (outnumbered).
  4039 | D:6      | 4039 ||| Stepping ~*~*~tactically~*~*~ (outnumbered).
  4040 | D:6      | 4040 ||| Stepping ~*~*~tactically~*~*~ (outnumbered).
  4041 | D:6      | 4041 ||| Stepping ~*~*~tactically~*~*~ (outnumbered).
  4042 | D:6      | 4042 ||| Stepping ~*~*~tactically~*~*~ (outnumbered).
  4043 | D:6      | 4043 ||| Stepping ~*~*~tactically~*~*~ (outnumbered).
  4044 | D:6      | 4044 ||| Stepping ~*~*~tactically~*~*~ (outnumbered).
  4045 | D:6      | 4045 ||| Stepping ~*~*~tactically~*~*~ (outnumbered).
  4046 | D:6      | 4046 ||| Stepping ~*~*~tactically~*~*~ (outnumbered).
  4047 | D:6      | 4047 ||| Stepping ~*~*~tactically~*~*~ (outnumbered).
  4048 | D:6      | 4048 ||| Stepping ~*~*~tactically~*~*~ (outnumbered).
  4050 | D:6      | 4050 ||| INVOKING Fiery Armour.
  4050 | D:6      | HP: 16/68 [wight/+5 war axe (8)]
  4051 | D:6      | 4051 ||| READING 3 scrolls of teleportation.
  4052 | D:6      | 4052 ||| DRINKING potion of heal wounds.
  4187 | D:6      | 4187 ||| INVOKING Fiery Armour.
  4504 | D:6      | Noticed a two-headed ogre
  4509 | D:6      | 4509 ||| INVOKING Fiery Armour.
  4511 | D:6      | Killed a two-headed ogre
  4512 | D:6      | Reached skill level 11 in Unarmed Combat
  4512 | D:6      | Reached XP level 9. HP: 34/84 MP: 9/9
  4731 | D:6      | Reached skill level 3 in Throwing
  5029 | D:6      | 5029 ||| UPGRADING to +1 robe of willpower.
  5039 | D:6      | 5039 ||| DROPPING +0 robe.
  5040 | D:6      | 5040 ||| READING 2 scrolls labelled JAT SIBYIP.
  5041 | D:6      | 5041 ||| READING scroll labelled YGIES YBOMI.
  5042 | D:6      | 5042 ||| DRINKING 2 smoky red potions.
  5143 | D:6      | 5143 ||| READING 4 scrolls of identify.
  5143 | D:6      | 5143 ||| IDENTIFYING white potion
  5144 | D:6      | 5144 ||| READING 3 scrolls of identify.
  5144 | D:6      | 5144 ||| IDENTIFYING pink potion
  5145 | D:6      | 5145 ||| DROPPING potion of brilliance.
  5146 | D:6      | 5146 ||| DROPPING potion of ambrosia.
  5147 | D:6      | 5147 ||| DROPPING scroll of noise.
  5207 | D:7      | 5207 ||| STAIRDANCE
  5213 | D:7      | 5213 ||| STAIRDANCE
  5324 | D:7      | 5324 ||| Stepping ~*~*~tactically~*~*~ (stealth).
  5332 | D:7      | 5332 ||| Stepping ~*~*~tactically~*~*~ (outnumbered).
  5339 | D:7      | 5339 ||| INVOKING Fiery Armour.
  5344 | D:7      | HP: 18/79 [wight/+4 trident (3)]
  5344 | D:7      | HP: 7/79 [wight/+5 spear of freezing (4)]
  5345 | D:7      | Reached skill level 12 in Unarmed Combat
  5345 | D:7      | 5345 ||| READING 2 scrolls of teleportation.
  5345 | D:7      | Slain by a wight

Levels and vault maps discovered:
D:1:      minmay_arrival_up_and_down, layout_loops_ring,
          chequers_ecumenical_altar_simple_redux
D:2:      layout_loops_ring
D:3:      layout_basic
D:4:      layout_basic, lemuel_doored_altar, uniq_duvessa
D:5:      layout_loops_ring, amcnicky_altar_gilded, old_standard_altar,
          gammafunk_ghost_split, minivault_25, guppyfry_early_lair_pool
D:6:      layout_gridville
D:7:      minmay_the_grid_triangle_9x9_rhombus_full
          [minmay_the_grid_triangle_9x9_odd_lines,
          minmay_the_grid_triangle_9x9_longest,
          minmay_the_grid_triangle_9x9_shrine,
          minmay_the_grid_triangle_9x9_tough_junction,
          minmay_the_grid_triangle_9x9_alien,
          minmay_the_grid_triangle_9x9_pentomino_pain,
          minmay_the_grid_triangle_9x9_subtriangle,
          minmay_the_grid_triangle_9x9_prize_top_heavy], layout_basic,
          nzn_hepliaklqana_mist_gate, minmay_temple_entry_statues_pillars

Skill      XL: |  1  2  3  4  5  6  7  8  9 |
---------------+----------------------------+-----
Unarmed Combat | 4 5 6 8 9 11 12 | 12.0
Fighting       | 3 4 |  4.1
Dodging        | 1 |  1.1
Throwing       | 1 2 3 |  3.1
Spellcasting   | |  1.0
Fire Magic     | |  2.1

Action                   |  1- 3 |  4- 6 |  7- 9 || total
-------------------------+-------+-------+-------++-------
Melee: Unarmed           |   133 |    85 |   175 ||   393
       Punch             |     2 |     1 |     5 ||     8
Throw: Boomerang         |       |       |    31 ||    31
       Javelin           |       |       |    22 ||    22
Invok: Fiery Armour      |       |     3 |     5 ||     8
  Use: Scroll            |     2 |     8 |    11 ||    21
       Potion            |       |     1 |     3 ||     4
Armor: Robe              |    36 |    34 |    50 ||   120
Dodge: Dodged            |    49 |    31 |    75 ||   155

Table legend:
 A = Non-vault XP
 B = Vault XP
 C = Vault XP percentage of total XP
 D = Non-vault monster count
 E = Vault monster count
 F = Vault count percentage of total count
                 A         B        C        D         E       F
            +---------+---------+-------+---------+---------+-------
      Total |    3752 |     248 |   6.2 |     139 |       4 |   2.8
            +---------+---------+-------+---------+---------+-------
        D:1 |      50 |       0 |   0.0 |      28 |       0 |   0.0
        D:2 |      48 |       0 |   0.0 |      19 |       0 |   0.0
        D:3 |      79 |       0 |   0.0 |      14 |       0 |   0.0
        D:4 |     606 |     222 |  26.8 |      27 |       2 |   6.9
        D:5 |     852 |      26 |   3.0 |      23 |       2 |   8.0
        D:6 |    1895 |       0 |   0.0 |      23 |       0 |   0.0
        D:7 |     222 |       0 |   0.0 |       5 |       0 |   0.0
            +---------+---------+-------+---------+---------+-------
